 Dungeon Crawl Stone Soup version 0.30.0-29-ga12c61a403 (webtiles) character file.

Game seed: 9735693342781866862

14 safid the Chiller (level 2, 0/21 HPs)
             Began as a Merfolk Ice Elementalist on June 21, 2023.
             Slain by a worm (10 damage)
             ... on level 2 of the Dungeon.
             The game lasted 00:00:51 (757 turns).

safid the Chiller (Merfolk Ice Elementalist)         Turns: 757, Time: 00:00:51

Health: 0/21       AC:  2    Str:  8    XL:     2   Next: 45%
Magic:  5/5        EV: 12    Int: 14    God:
Gold:   111        SH:  0    Dex: 14    Spells: 4/5 levels left

rFire   . . .        f - +0 whip (elec)
rCold   . . .        (no shield)
rNeg    . . .        a - +0 robe
rPois   .            (no helmet)
rElec   .            (no cloak)
rCorr   .            (no gloves)
SInv    .            (no boots)
Will    +....        (no amulet)
Stlth   ++           c - ring of willpower
HPRegen 0.23/turn    (no ring)
MPRegen 0.09/turn

%: no passive effects
@: no status effects
A: (nimble swimmer 2), mertail
a: no special abilities


You were on level 2 of the Dungeon.
You visited 1 branch of the dungeon, and saw 2 of its levels.

You collected 111 gold pieces.

Inventory:

Hand Weapons
 f - a +0 whip of electrocution (weapon)
Armour
 a - a +0 robe (worn)
Jewellery
 c - a ring of willpower (left hand)
Scrolls
 e - a scroll of identify {unknown}
Potions
 b - a potion of magic
 d - a potion of berserk rage {unknown}
 g - a potion of ambrosia {unknown}


   Skills:
 + Level 1.0 Fighting
 - Level 2.6 Dodging
 - Level 2.1 Stealth
 + Level 2.3 Spellcasting
 + Level 4.6 Ice Magic


You had 4 spell levels left.
You knew the following spells:

 Your Spells              Type           Power      Damage    Failure   Level
a - Freeze                Ice            56%        1d7       3%          1

Your spell library contained the following spells:

 Spells                   Type           Power      Damage    Failure   Level
 Frozen Ramparts          Ice            28%        1d5       11%         3
 Ozocubu's Armour         Ice            14%        N/A       11%         3
 Summon Ice Beast         Ice/Summ       8%         N/A       65%         4
 Alistair's Intoxication  Tmut/Pois      0%         N/A       100%        5
 Borgnjor's Vile Clutch   Necr/Erth      0%         N/A       100%        5
 Eringya's Noxious Bog    Tmut/Pois      0%         N/A       100%        6


Dungeon Overview and Level Annotations

Branches:
Dungeon (2/15)

Altars:

Annotations:
D:2 Sigmund


Innate Abilities, Weirdness & Mutations

((You are very nimble when in or above water. (Stealth+, EV+, Speed+++)))
Your lower body shifts to a powerful aquatic tail in water.


Message History

Found a quarterstaff.
The endoplasm quivers.
You see here Great Wizards, Vol.
II.
The endoplasm hits you.
You barely miss the endoplasm.
The endoplasm hits you but does no damage.
You hit the endoplasm but do no damage. The endoplasm barely misses you.
The endoplasm hits you but does no damage.
You hit the endoplasm.
The endoplasm is heavily wounded.
The endoplasm closely misses you.
You hit the endoplasm.
You kill the endoplasm!
No target in view!
HP restored.
You pick up Great Wizards, Vol.
II and begin reading...
You add the spells Alistair's Intoxication, Borgnjor's Vile Clutch and Eringya's Noxious Bog to your library.
g - a glowing white potion An endoplasm comes into view.
A worm comes into view.
There are monsters nearby!
A kobold comes into view. It is wielding a +0 short sword.
Found a stone staircase leading up.
The kobold shouts!
Found a scale mail.
The worm bites you.
You hit the worm.
The worm is lightly wounded.
You hit the worm. Lightning courses through the worm!
The worm is almost dead.
A hobgoblin comes into view.
The worm bites you!
You are too injured to fight recklessly!
You are too injured to fight recklessly!
You are too injured to fight recklessly!
You are too injured to fight recklessly!
Unknown command.
The hobgoblin shouts!
You hit the worm.
The worm is almost dead.
The worm bites you!
You die...

#<#.# . #.#.## .. #....#
... # #....##########
#g..#.#.............#
#.♣...#...♣.♣.......#
....#.w.#.....#.....#
....♣@...#....♣...#
....#.K.#.....#...#.#
♣.♣.......♣.♣.......#
.....♣.♣.......♣.♣..##
...#.....#...#.......#
.♣....#....♣....#.##.###
[..#.....#...#..........
.....♣.♣.......♣.♣.#####
♣.......♣.♣.......#<#


You could see a worm, a hobgoblin and a kobold.

Vanquished Creatures
  A dart slug (D:1)
  A ball python (D:1)
  A bat (D:1)
  An endoplasm (D:2)
  2 goblins (D:1)
  2 kobolds
  A quokka (D:1)
  A frilled lizard (D:1)
  A rat (D:1)
11 creatures vanquished.

Notes
Turn   | Place    | Note
-------+----------+-------------------------------------------
     0 | D:1      | safid the Merfolk Ice Elementalist began the quest for the
                  | Orb.
     0 | D:1      | Reached XP level 1. HP: 13/13 MP: 3/3
   325 | D:1      | Reached XP level 2. HP: 14/20 MP: 3/5
   330 | D:1      | Reached skill level 1 in Fighting
   663 | D:2      | Noticed Sigmund
   757 | D:2      | Slain by a worm

Illustrated notes

Levels and vault maps discovered:
D:1:      matt_arrival_diagonals, layout_basic, minmay_tiny_reverse_x
D:2:      layout_basic, nicolae_kite_square_tiling_tiny, minmay_octomino_c4,
          uniq_sigmund

Skill      XL: |  1  2 |
---------------+-------+-----
Fighting       | 1 |  1.0
Dodging        | |  2.6
Stealth        | |  2.1
Spellcasting   | |  2.3
Ice Magic      | |  4.6

Action                     || total
---------------------------++-------
  Melee: Whip              ||    23
   Cast: Freeze            ||     6
 Armour: Robe              ||     7
  Dodge: Dodged            ||    14
